Map: Hardwire LE

Players

Zoun

  • Race: Protoss Protoss
  • League: Master

ByuN - Winner!

  • Race: Terran Terran

Event: TSL 8

VOD

Have the link to the VOD?

Description

Time

  • Played on: Nov. 28, 2021, 7:11 a.m.
  • Length: 14:34

All games in this series

Show
View Real Time Build Order
Export as new Build Order

Zoun Protoss 

Build Orders: 1 Gate Expand, Blink Stalkers 

Get SALT Encoding   

  12  0:00  Probe  
  13  0:12  Probe  
  14  0:16  Pylon  
  14  0:24  Probe (Chrono Boost)  
  16  0:35  Gateway  
  16  0:36  Probe (Chrono Boost)  
  16  0:42  Probe (Chrono Boost)  
  16  0:45  Assimilator  
  17  0:51  Probe  
  18  1:03  Probe  
  19  1:15  Probe  
  20  1:25  Cybernetics Core  
  22  1:37  Nexus  
  22  1:45  Pylon  
  22  1:47  Probe  
  22  1:51  Assimilator  
  21  1:59  Probe  
  21  2:00  Stalker (Chrono Boost)  
  22  2:04  Shield Battery  
  24  2:12  Shield Battery  
  24  2:14  Probe  
  25  2:16  Warp Gate  
  25  2:24  Stalker (Chrono Boost)  
  26  2:35  Probe  
  27  2:47  Probe (Chrono Boost)  
  27  2:50  Twilight Council  
  27  2:51  Probe (Chrono Boost)  
  29  3:01  Stalker  
  29  3:03  Probe (Chrono Boost)  
  29  3:05  Probe (Chrono Boost)  
  33  3:09  Probe (Chrono Boost)  
  33  3:12  Probe (Chrono Boost)  
  35  3:17  Probe  
  35  3:20  Gateway, Blink (Chrono Boost)  
  35  3:23  Probe  
  36  3:29  Probe  
  36  3:33  Pylon  
  37  3:35  Probe  
  38  3:41  Probe  
  38  3:46  Robotics Facility  
  38  3:48  Probe  
  40  3:53  Probe  
  41  4:02  Probe  
  42  4:03  Stalker  
  42  4:08  Probe  
  45  4:11  Pylon  
  45  4:14  Stalker  
  45  4:16  Probe  
  48  4:20  Probe  
  48  4:22  Assimilator  
  49  4:29  Probe  
  48  4:32  Probe  
  48  4:37  Stalker  
  48  4:38  Observer  
  51  4:41  Probe  
  51  4:44  Probe  
  52  4:53  Probe  
  52  4:59  Observer  
  54  5:03  Probe  
  54  5:05  Nexus, Probe  
  56  5:07  Pylon  
  56  5:15  Robotics Bay, Probe  
  56  5:16  Assimilator  
  56  5:17  Probe  
  56  5:20  Observer  
  58  5:23  Observer  
  58  5:27  Probe  
  59  5:29  Stalker x2, Probe  
  59  5:30  Observer  
  64  5:37  Pylon  
  64  5:39  Probe  
  64  5:42  Probe  
  66  5:44  Charge (Chrono Boost)  
  66  5:53  Gateway x2  
  66  5:55  Probe x2  
  67  5:58  Disruptor (Chrono Boost)  
  70  6:05  Gateway x2  
  70  6:09  Gateway  
  70  6:10  Sentry  
  72  6:13  Probe  
  72  6:14  Probe  
  74  6:21  Gateway  
  74  6:24  Disruptor (Chrono Boost)  
  74  6:30  Shield Battery  
  74  6:31  Probe  
  78  6:38  Templar Archives  
  78  6:39  Pylon  
  78  6:43  Zealot x2  
  82  6:52  Stalker x2  
  86  6:58  Probe x3  
  89  7:02  Gateway  
  89  7:04  Observer  
  89  7:08  Observer  
  89  7:11  Probe x3  
  89  7:15  Stalker, Observer, Zealot x3  
  100  7:17  Extended Thermal Lance (Chrono Boost)  
  100  7:19  Pylon  
  100  7:20  Pylon  
  100  7:23  Probe  
  100  7:28  Colossus (Chrono Boost)  
  101  7:32  Pylon  
  101  7:36  Assimilator  
  101  7:37  Assimilator, Probe x2  
  101  7:38  Probe  
  101  7:40  Pylon  
  109  7:49  Probe  
  109  7:50  Probe  
  111  7:52  Stalker x3  
  117  8:01  Forge  
  117  8:03  Forge  
  117  8:04  Zealot x2  
  121  8:13  Observer (Chrono Boost)  
  123  8:22  High Templar  
  123  8:24  Zealot x4  
  133  8:29  Pylon  
  133  8:30  Pylon  
  132  8:37  Observer  
  132  8:38  Protoss Ground Armor Level 1 (Chrono Boost), Protoss Ground Weapons Level 1 (Chrono Boost)  
  132  8:44  Pylon  
  132  8:45  Photon Cannon  
  132  8:46  Photon Cannon  
  132  8:47  Colossus  
  138  8:50  Zealot x2  
  142  8:57  High Templar  
  142  9:01  Zealot x2  
  148  9:04  Archon  
  144  9:10  Zealot  
  126  9:19  Stalker x3  
  124  9:27  Observer  
  124  9:28  Zealot  
  122  9:34  Zealot  
  122  9:37  Gateway, Colossus (Chrono Boost)  
  124  9:38  Gateway  
  124  9:41  Gateway  
  122  9:45  High Templar  
  122  9:46  High Templar  
  122  9:50  Archon  
  124  9:59  Zealot  
  126  10:00  Zealot  
  126  10:06  Gateway  
  116  10:09  Zealot  
  118  10:24  Zealot x2, High Templar x2  
  120  10:30  Archon  
  120  10:32  Zealot  
  97  10:43  Immortal (Chrono Boost)  
  97  10:45  Zealot x2  
  100  10:53  Zealot x4  
  104  11:02  Zealot  
  106  11:07  High Templar  
  106  11:08  High Templar  
  110  11:11  Archon  
  110  11:14  Stalker x4  
  118  11:20  Nexus  
  112  11:27  Colossus (Chrono Boost)  
  112  11:29  Stalker  
  108  11:37  Zealot x2  
  108  11:38  Zealot  
  106  11:43  Stalker x2  
  106  11:47  Cybernetics Core, Probe x2, Pylon  
  106  11:51  Observer  
  106  11:53  Stalker  
  104  12:03  Stalker x3  
  104  12:06  Probe  
  104  12:07  Stalker x2  
  107  12:11  Zealot  
  109  12:16  Warp Prism (Chrono Boost)  
  109  12:20  Photon Cannon  
  109  12:22  Shield Battery  
  111  12:30  Templar Archives  
  111  12:32  Zealot x3, Sentry  
  119  12:42  Stalker x2  
  123  12:44  Stalker  
  113  13:01  Stalker x3  
  119  13:17  Zealot x2, High Templar x2  
  119  13:18  Disruptor (Chrono Boost)  
  125  13:21  Archon  
  128  13:30  Zealot x2  
  132  13:39  Probe  
  133  13:43  Probe x2  
  131  13:52  Probe  
  131  13:53  Pylon  
  131  13:54  Pylon  
  132  13:58  Disruptor (Chrono Boost)  
  84  14:15  Zealot  
  84  14:16  Zealot x3  
  76  14:27  Zealot x3  
Show
View Real Time Build Order
Export as new Build Order

ByuN Terran - Winner!

Build Orders: 1/1/1 

Get SALT Encoding   

  12  0:00  SCV  
  13  0:12  SCV  
  14  0:17  Supply Depot  
  14  0:24  SCV  
  15  0:38  SCV, Barracks  
  16  0:45  Refinery  
  16  0:50  SCV  
  16  0:54  Refinery  
  17  1:03  SCV  
  18  1:15  SCV  
  19  1:25  Reaper  
  20  1:27  Orbital Command  
  20  1:41  Factory  
  20  1:53  SCV  
  21  1:54  Supply Depot  
  21  1:55  Bunker  
  21  2:05  SCV  
  22  2:11  Barracks Reactor  
  22  2:17  SCV  
  23  2:26  Widow Mine  
  23  2:28  Starport  
  25  2:31  SCV  
  26  2:45  SCV  
  26  2:49  Command Center  
  27  2:51  Widow Mine  
  27  2:52  Supply Depot  
  27  2:56  Marine  
  27  2:57  SCV  
  31  3:13  Marine x2  
  31  3:14  Medivac, SCV  
  31  3:19  Widow Mine  
  38  3:26  Supply Depot, SCV  
  39  3:29  Bunker  
  39  3:46  Factory Tech Lab  
  39  3:47  SCV, Marine x2  
  42  3:49  Starport Tech Lab  
  42  4:00  SCV  
  43  4:05  Marine x2  
  43  4:06  Siege Tank  
  43  4:09  Raven  
  50  4:12  SCV  
  50  4:15  Barracks  
  51  4:22  Orbital Command  
  51  4:24  SCV  
  52  4:35  Marine x2  
  52  4:36  SCV  
  51  4:47  Refinery  
  51  4:48  SCV x2  
  51  4:50  Siege Tank  
  56  4:53  Supply Depot, Marine x2  
  58  5:00  SCV  
  58  5:01  SCV  
  58  5:03  Engineering Bay  
  58  5:06  Barracks  
  60  5:12  SCV  
  60  5:13  SCV  
  62  5:14  Marine  
  62  5:15  Marine  
  62  5:16  Supply Depot  
  62  5:17  Marine  
  62  5:18  Stimpack  
  62  5:19  Starport Reactor  
  65  5:25  Siege Tank  
  67  5:28  SCV x2  
  67  5:32  Terran Infantry Weapons Level 1  
  67  5:34  Marine  
  70  5:37  Marine  
  70  5:39  Supply Depot  
  70  5:40  SCV x2  
  73  5:45  Refinery, Marine  
  74  5:50  Supply Depot  
  74  5:52  SCV  
  74  5:56  Marine x2  
  79  6:04  SCV, Factory Reactor, Medivac  
  79  6:05  Medivac  
  79  6:11  Marine  
  83  6:12  Marauder  
  83  6:13  SCV  
  83  6:16  Supply Depot, SCV  
  87  6:22  Marine x2  
  89  6:29  Combat Shield  
  91  6:34  Marauder  
  91  6:35  Marauder  
  93  6:40  Marine x2  
  93  6:44  Widow Mine x2, Medivac  
  101  6:50  Medivac  
  92  6:57  Marauder x2  
  92  6:58  Marine x2  
  98  7:05  Command Center  
  98  7:11  SCV  
  98  7:12  SCV  
  98  7:15  Supply Depot x2  
  100  7:17  Marine x2  
  102  7:25  Barracks  
  102  7:32  Barracks  
  102  7:36  Marine x2  
  102  7:37  Marauder x2, SCV x2  
  102  7:43  Terran Infantry Armor Level 1  
  110  7:45  Supply Depot x3  
  110  7:49  SCV x2  
  112  7:52  Widow Mine  
  112  7:54  Marine x2  
  112  7:55  Widow Mine  
  118  8:05  Supply Depot  
  118  8:06  Marauder x2, Medivac x2, SCV x2  
  118  8:07  Supply Depot  
  128  8:16  Marine x2  
  128  8:18  SCV x2, Orbital Command  
  132  8:26  Barracks Reactor  
  132  8:27  Barracks Tech Lab  
  132  8:28  Marauder  
  132  8:30  SCV x2  
  132  8:33  Marauder  
  138  8:34  Marine x2  
  138  8:39  Widow Mine x2  
  144  8:42  SCV x2  
  144  8:43  Medivac x2  
  144  8:44  SCV  
  151  8:49  Marauder  
  153  9:02  Marauder x2  
  157  9:04  Marine x2  
  157  9:07  SCV x2, Concussive Shells  
  160  9:11  Marauder, SCV  
  158  9:18  Widow Mine, Marine  
  158  9:19  SCV x2, Marine  
  158  9:23  Marauder x2  
  164  9:26  Medivac x2  
  166  9:31  Engineering Bay, Armory  
  166  9:32  Marauder  
  166  9:33  Refinery  
  166  9:34  Refinery  
  162  9:44  Marauder, Marine x4  
  162  9:45  Marauder  
  163  9:46  Widow Mine x2  
  165  9:53  Marauder  
  164  10:06  Marauder x2, Liberator x2  
  171  10:09  Marine x4  
  171  10:15  Marauder  
  173  10:27  Marauder x2  
  173  10:29  Widow Mine  
  173  10:33  Supply Depot  
  173  10:35  Marine  
  173  10:36  Marine  
  173  10:37  Widow Mine, Marine  
  173  10:38  Marauder  
  173  10:39  Terran Infantry Weapons Level 2, Terran Infantry Armor Level 2  
  173  10:41  SCV x2  
  171  10:49  Marauder x2  
  165  10:59  Marauder  
  165  11:01  Marine  
  165  11:02  Marine x3  
  165  11:04  Missile Turret  
  168  11:07  Widow Mine  
  168  11:08  Widow Mine  
  168  11:10  Marauder x2  
  175  11:19  Marine  
  175  11:20  Marine x2  
  175  11:21  Marauder  
  170  11:28  Ghost Academy  
  170  11:29  Widow Mine x2  
  170  11:31  Marauder, Marine  
  170  11:32  Marauder  
  162  11:37  Marine  
  162  11:38  Marine  
  146  11:41  Marine  
  146  11:42  Marauder  
  146  11:46  Viking x2  
  153  11:49  Marine  
  153  11:50  Widow Mine x2  
  153  11:53  Marauder x2  
  160  11:55  Marine  
  160  11:56  Marine  
  160  12:00  Marine  
  159  12:03  Marauder  
  159  12:07  Marine  
  151  12:13  Ghost, Marine  
  151  12:14  Marauder, Marine  
  157  12:22  Terran Ship Weapons Level 1  
  157  12:23  Viking x2  
  157  12:24  Ghost  
  157  12:27  Command Center  
  157  12:28  Enhanced Shockwaves  
  163  12:35  Ghost  
  165  12:40  Marine x2  
  165  12:41  Marine  
  166  12:46  Marauder  
  166  12:50  Marine  
  169  12:53  Marauder, Viking x2  
  169  12:58  Marine x2  
  167  12:59  Marine  
  167  13:04  Marauder  
  172  13:08  Marauder, Marine  
  169  13:15  Marauder  
  169  13:16  Marine x3  
  171  13:21  Widow Mine x2  
  171  13:23  Viking x2  
  171  13:25  Marauder  
  181  13:40  Marauder, Planetary Fortress  
  181  13:41  Marauder  
  182  13:42  Marine x4  
  182  13:47  Marauder  
  188  13:53  Viking x2  
  192  13:59  Marine x2  
  192  14:02  Marauder x2  
  189  14:08  Marauder  
  170  14:16  Marine x2  
Tags
 
Add a new tag
Caveats
  • Supply blocks, unpowered buildings, or Contaminate may cause inaccurate times.
  • Supply counts are checked every 10 seconds.